 Dungeon Crawl Stone Soup version 0.29.0-13-gc9e81de378 (webtiles) character file.

Game seed: 18103255712039511702

175 Arum the Trooper (level 5, -8/44 HPs)
             Began as a Formicid Fighter on Sept 9, 2022.
             Was a Believer of Makhleb.
             Mangled by an ogre
             ... wielding a +0 giant spiked club
              (13 damage)
             ... on level 4 of the Dungeon.
             The game lasted 00:03:38 (3098 turns).

Arum the Trooper (Formicid Fighter)                 Turns: 3098, Time: 00:03:39

Health: -8/44      AC:  6    Str: 23    XL:     5   Next: 85%
Magic:  0/5        EV:  9    Int:  7    God:    Makhleb [**....]
Gold:   179        SH:  5    Dex: 13    Spells: 4/4 levels left

rFire   . . .      SeeInvis +   a - +0 flail
rCold   . . .      Faith    .   c - +0 buckler
rNeg    . . .      Spirit   +   b - +0 scale mail
rPois   .          Reflect  .   (helmet unavailable)
rElec   .          Harm     .   (no cloak)
rCorr   .          Rampage  .   (no gloves)
Will    .....                   (no boots)
Stlth   ..........              i - amulet of guardian spirit
HPRegen 0.14/turn               (no ring)
MPRegen 0.09/turn               (no ring)

@: flying, invisible
A: permanent stasis, dig shafts and tunnels, antennae 3, four strong arms
a: Dig, Shaft Self, Renounce Religion, Minor Destruction


You were on level 4 of the Dungeon.
You worshipped Makhleb.
Makhleb was pleased with you.
You visited 1 branch of the dungeon, and saw 4 of its levels.

You collected 179 gold pieces.

Inventory:

Hand Weapons
 a - a +0 flail (weapon)
Armour
 b - a +0 scale mail (worn)
 c - a +0 buckler (worn)
 o - a +0 plate armour
Jewellery
 i - an amulet of guardian spirit (around neck)
Scrolls
 e - a scroll of fear {unknown}
 f - a scroll of enchant weapon {unknown}
 g - 4 scrolls of identify {unknown}
 k - a scroll of vulnerability {unknown}
 m - a scroll of blinking {unknown}
 p - a scroll of magic mapping {unknown}
Potions
 d - 2 potions of might
 n - 2 potions of ambrosia


   Skills:
 + Level 5.2 Fighting
 + Level 4.1 Maces & Flails
 - Level 3.2 Armour
 - Level 4.0 Shields


You had 4 spell levels left.
You didn't know any spells.
Your spell library contained the following spells:

 Spells                   Type           Power      Damage    Failure   Level
 Ensorcelled Hibernation  Hex/Ice        0%         N/A       91%         2
 Passwall                 Tmut/Erth      0%         N/A       91%         2
 Swiftness                Air            Unusable   N/A       N/A         3

Dungeon Overview and Level Annotations

Branches:
Dungeon (4/15)
 Temple: D:4-7

Altars:
Gozag
Makhleb


Innate Abilities, Weirdness & Mutations

You cannot be hasted, slowed, berserked, paralysed or teleported.
You can dig through walls and to a lower floor.
You have a pair of large antennae on your head. (SInv)
Your four strong arms can wield two-handed weapons with a shield.


Message History

You feel sick. The adder bites you but does no damage.
You hit the adder.
The adder is severely wounded.
You feel sick. You block the adder's attack. The adder barely misses you.
You hit the adder.
The adder is almost dead.
You feel sick. The adder bites you but does no damage.
You closely miss the adder.
The adder is almost dead.
You feel sick. The adder bites you but does no damage. The adder bites you.
* * * LOW HITPOINT WARNING * * *
You miss the adder.
The adder is almost dead.
You feel sick. The adder barely misses you. You block the adder's attack.
You closely miss the adder.
The adder is almost dead.
You feel sick.
You are no longer poisoned.
The adder closely misses you.
You hit the adder.
You kill the adder!
Makhleb accepts your kill.
You barely miss the ogre.
The ogre is heavily wounded.
The ogre barely misses you.
You catch the helpless ogre completely off-guard!
You hit the ogre.
The ogre is severely wounded.
You hit the ogre but do no damage.
The ogre is severely wounded.
The ogre hits you with a +0 giant spiked club.
* * * LOW HITPOINT WARNING * * *
You catch the helpless ogre completely off-guard!
You hit the ogre.
The ogre is severely wounded.
The ogre barely misses you.
You hit the ogre.
The ogre is almost dead.
The ogre hits you with a +0 giant spiked club!
You die...

#####.......##.
#.########.
#.########.
#........#.
#.....##.#.
########.....##.#.
#.............#.#.
#.######......#.#.
#@#..# #......#)#.
####O...#
###........
#...##.##
#.##....< #.#.# !#
#.###)[.. # ... #
#......## .####
######## #. #


You could see an ogre (unable to see you).

Vanquished Creatures
  Terence (D:3)
  An orc wizard (D:3)
  6 adders
  A worm (D:2)
  2 dart slugs (D:3)
  4 orcs (D:3)
  5 endoplasms
  4 giant cockroaches
  7 goblins
  4 hobgoblins
  A kobold (D:4)
  3 quokkas
  7 ball pythons
  6 bats
  3 frilled lizards
  5 rats
60 creatures vanquished.

Vanquished Creatures (others)
  18 plants (D:4)
18 creatures vanquished.

Grand Total: 78 creatures vanquished

Notes
Turn   | Place    | Note
-------+----------+-------------------------------------------
     0 | D:1      | Arum the Formicid Fighter began the quest for the Orb.
     0 | D:1      | Reached XP level 1. HP: 18/18 MP: 1/1
    33 | D:1      | Found a faded altar of an unknown god.
    43 | D:1      | Prayed at the altar of an unknown god.
    43 | D:1      | Became a worshipper of Makhleb the Destroyer
    43 | D:1      | Reached * piety under Makhleb
   263 | D:1      | Reached XP level 2. HP: 22/24 MP: 2/2
   890 | D:2      | Reached XP level 3. HP: 14/30 MP: 3/3
  1091 | D:2      | Reached skill level 4 in Fighting
  1245 | D:2      | Found an opulent altar of Gozag.
  1671 | D:2      | Reached XP level 4. HP: 36/37 MP: 2/4
  1968 | D:3      | HP: 1/38 [quokka (3)]
  1974 | D:3      | Reached XP level 5. HP: 6/43 MP: 0/5
  1976 | D:3      | Reached ** piety under Makhleb
  2237 | D:3      | Noticed Terence
  2256 | D:3      | Killed Terence
  2409 | D:3      | Reached skill level 5 in Fighting
  3060 | D:4      | Noticed an ogre
  3073 | D:4      | HP: 2/44 [adder (2)]
  3098 | D:4      | Mangled by an ogre

Illustrated notes

Levels and vault maps discovered:
D:1:      psy_arrival_radial01, layout_basic, hellmonk_ecumenical_altar_lost_god
D:2:      layout_basic, basic_altar
D:3:      layout_loops_ring, uniq_terence
D:4:      layout_basic, mainiacjoe_overflow_cross_hatched, enter_ossuary_1

Skill      XL: |  1  2  3  4  5 |
---------------+----------------+-----
Fighting       | 4 5 |  5.2
Maces & Flails | 3 4 |  4.1
Armour         | |  3.2
Shields        | |  4.0

Action                   |  1- 3 |  4- 6 || total
-------------------------+-------+-------++-------
Melee: Flail             |   104 |   131 ||   235
  Use: Potion            |     1 |     6 ||     7
 Stab: Invisible         |       |     2 ||     2
Armor: Scale mail        |    55 |    58 ||   113
Dodge: Dodged            |    51 |    66 ||   117
Block: Buckler           |    33 |    32 ||    65
